 Dungeon Sprint DCSS version 0.21.1-1-g345015f (webtiles) character file.

1261 sankara the Thrower (level 8, -9/88 HPs)
             Began as a Troll Hunter on Apr 4, 2018.
             Was a Follower of Okawaru.
             Shot with an arrow by a centaur warrior (25 damage)
             ... in the Dungeon (Sprint I: "Red Sonja").
             The game lasted 00:04:55 (403 turns).

sankara the Thrower (Troll Hunter)                   Turns: 403, Time: 00:04:55

Health: -9/88      AC:  5    Str: 23    XL:     8   Next: 27%
Magic:  7/7        EV: 10    Int:  7    God:    Okawaru [*.....]
Gold:   444        SH:  0    Dex: 10    Spells: 7/7 levels left

rFire    . . .     SeeInvis .   b - +0 giant club
rCold    . . .     Gourm    +   (shield currently unavailable)
rNeg     . . .     Faith    .   a - +0 robe
rPois    .         Spirit   .   (helmet restricted)
rElec    .         Reflect  .   (no cloak)
rCorr    .         Harm     .   (gloves unavailable)
MR       .....     NoTele   +   (boots unavailable)
Stlth    +.........             (no amulet)
HPRegen  0.64/turn              (no ring)
MPRegen  0.10/turn              (no ring)

@: no status effects
A: large, unfitting armour, claws 3, fast metabolism 3, gourmand, regeneration
1, shaggy fur 1, tough skin 2
a: Heroism, Renounce Religion


You were in the Dungeon.
You worshipped Okawaru.
Okawaru was aware of your devotion.
You were very full.

You visited 1 branch You collected 444 gold pieces.

Inventory:

Hand Weapons
 b - a +0 giant club (weapon)
   (You took it off an ogre in the Dungeon)
 l - a cursed -2 dagger
   (You took it off Ijyb in the Dungeon)
Missiles
 d - 2 throwing nets {=f, !d}
Armour
 a - a +0 robe (worn)
Scrolls
 k - a scroll of blinking {!r}
 n - a scroll of immolation {unknown}
Potions
 e - a potion of curing
 g - a potion of heal wounds
 h - a potion of haste
 i - 2 potions of magic
 j - a potion of berserk rage {!q}
Comestibles
 f - 2 rations


   Skills:
 + Level 7.7 Fighting
 + Level 7.2 Maces & Flails
 * Level 12.9 Throwing
 - Level 1.5 Dodging
 - Level 0.3 Stealth


You had 7 spell levels left.
You didn't know any spells.

Dungeon Overview and Level Annotations

Branches:
Dungeon (1/1)

Altars:
Cheibriados
Dithmenos
Elyvilon
Fedhas
Gozag
Hepliaklqana
Kikubaaqudgha
Makhleb
Nemelex Xobeh
Okawaru
Qazlal
Ru
Sif Muna
Trog
Uskayaw
Vehumet
Wu Jian
Xom
Yredelemnul
Zin
The Shining One
Jiyva
Lugonu

Shops:
D }


Innate Abilities, Weirdness & Mutations

You are too large for most types of armour.
You have claws for hands.
Your metabolism is lightning-fast.
You like to eat raw meat.
Your natural rate of healing is unusually fast.
You are covered in fur. (AC +1)
You have very tough skin. (AC +2)


Message History

The kobold demonologist is almost dead.
The kobold demonologist hits you with a dagger.
* * * LOW HITPOINT WARNING * * *
The white imp hits you but does no damage.
The kobold demonologist hits you but does no damage.
You hit the kobold demonologist.
The kobold demonologist is almost dead.
The white imp hits you but does no damage.
The kobold demonologist closely misses you.
The iron imp shouts, "Back with thee, thou rough-hewn rude-growing nobody!"
The white imp hits you but does no damage.
You closely miss the kobold demonologist.
The kobold demonologist is almost dead.
The kobold demonologist miscasts a cantrip.
The white imp puffs mist at you.
The white imp hits you but does no damage.
You barely miss the kobold demonologist.
The kobold demonologist is almost dead.
The kobold demonologist hits you with a dagger.
* * * LOW HITPOINT WARNING * * *
The white imp hits you.
* * * LOW HITPOINT WARNING * * *
The white imp freezes you.
* * * LOW HITPOINT WARNING * * *
You bludgeon the kobold demonologist!!
You kill the kobold demonologist!
Okawaru is honoured by your kill.
The iron imp disappears in a puff of smoke!
The white imp disappears in a puff of smoke!
Your Maces & Flails skill increases to level 7!
Unknown command.
c - 2 large rocks {!d}
There is an open door, spattered with blood here.
Things that are here:
a dagger; a robe
c - 4 large rocks {!d} (gained 2)
Things that are here:
a dagger; a robe; a kobold corpse
c - 5 large rocks {!d} (gained 1)
Things that are here:
a dagger; a robe; a kobold corpse
There is an open door, spattered with blood here.
Things that are here:
a dagger; a robe
Things that are here:
a dagger; a robe; a kobold corpse
There is an open door, spattered with blood here.
Things that are here:
a dagger; a robe
There is an open door here.
There is an open door here.
There is an open door here.
You start resting.
HP restored.
As you open the door, it creaks loudly!
There is an open door here.
A centaur warrior comes into view.
Throwing (i - inventory. (,) - cycle):
c - 5 large rocks (quivered)
{!d}
Press: ? - help, Shift-Dir - straight line, f - centaur warrior
Aim: a centaur warrior (purple smoke, resting)
You throw a large rock {!d}.
The large rock {!d} hits the centaur warrior.
The centaur warrior shouts!
The centaur warrior is lightly wounded.
The centaur warrior wields a longbow.
The centaur warrior shoots an arrow.
The arrow hits you!
You see here an arrow.
There is an open door here.
Throwing (i - inventory. (,) - cycle):
c - 4 large rocks (quivered)
{!d}
Press: ? - help, Shift-Dir - straight line, f/p - centaur warrior
Aim: a centaur warrior, wielding a longbow (lightly wounded)
You throw a large rock {!d}.
The large rock {!d} closely misses the centaur warrior.
The centaur warrior shoots an arrow.
The arrow hits you!!
The centaur warrior shoots an arrow.
The arrow barely misses you.
You hear a shout!
Throwing (i - inventory. (,) - cycle):
c - 3 large rocks (quivered)
{!d}
Press: ? - help, Shift-Dir - straight line, f/p - centaur warrior
Aim: a centaur warrior, wielding a longbow (purple smoke, lightly wounded)
You throw a large rock {!d}.
The large rock {!d} closely misses the centaur warrior.
The centaur warrior shoots an arrow.
The arrow hits you.
Throwing (i - inventory. (,) - cycle):
c - 2 large rocks (quivered)
{!d}
Press: ? - help, Shift-Dir - straight line, f/p - centaur warrior
Aim: a centaur warrior, wielding a longbow (lightly wounded)
You throw a large rock {!d}.
The large rock {!d} hits the centaur warrior!
The centaur warrior is heavily wounded.
The centaur warrior shoots an arrow.
The arrow hits you!!
The centaur warrior shoots an arrow.
The arrow hits you!
* * * LOW HITPOINT WARNING * * *
You hear a shout!
Throwing (i - inventory. (,) - cycle):
c - a large rock (quivered)
{!d}
Press: ? - help, Shift-Dir - straight line, f/p - centaur warrior
Aim: a centaur warrior, wielding a longbow (moderately wounded)
You throw a large rock {!d}.
The large rock {!d} hits the centaur warrior!
The centaur warrior is heavily wounded.
The centaur warrior shoots an arrow.
The arrow hits you!!
You die...

##########################
#<.#.)'..#..'(.#__#..))..#
#..[..#..').#..'..'..#...#
#..#####'#####@#__####...+
#..####..#...#(####§ #####
#..#__####..##.#§§§§
#..#_____##'#_.c≈§§
#⌠⌠#_.∩...'..._#§§≈§c
####_..__##_.#'##§###
#_____###+#.# ####### ###


You could see a centaur warrior.

Vanquished Creatures
  2 kobold demonologists (D)
  A slime creature (D)
  Sigmund (D)
  A yak (D)
  A floating eye (D)
  An ogre (D)
  A jelly (D)
  Ijyb (D)
9 creatures vanquished.

Notes
Turn   | Place    | Note
-------+----------+-------------------------------------------
     0 | D        | sankara the Troll Hunter began the quest for the Orb.
     0 | D        | Reached XP level 1. HP: 19/19 MP: 0/0
     2 | D        | Noticed Ijyb
    29 | D        | Killed Ijyb
    29 | D        | Reached skill level 6 in Throwing
    29 | D        | Reached XP level 2. HP: 24/27 MP: 1/1
    38 | D        | Noticed an ogre
    39 | D        | Killed an ogre
    39 | D        | Reached skill level 3 in Fighting
    39 | D        | Reached skill level 8 in Throwing
    39 | D        | Reached XP level 3. HP: 37/37 MP: 2/2
    39 | D        | Reached XP level 4. HP: 45/45 MP: 3/3
    55 | D        | Noticed Sigmund
    58 | D        | Killed Sigmund
    58 | D        | Reached skill level 4 in Fighting
    58 | D        | Reached skill level 3 in Maces & Flails
    58 | D        | Reached skill level 9 in Throwing
    58 | D        | Reached XP level 5. HP: 50/55 MP: 4/4
    79 | D        | Found an ornate altar of the Wu Jian Council.
    79 | D        | Found a deep blue altar of Sif Muna.
    81 | D        | Found a radiant altar of Vehumet.
    82 | D        | Reached skill level 5 in Fighting
    82 | D        | Reached skill level 10 in Throwing
    82 | D        | Reached XP level 6. HP: 66/66 MP: 5/5
   107 | D        | Found Afagas's Gadget Emporium.
   107 | D        | Found an ancient bone altar of Kikubaaqudgha.
   107 | D        | Found a hazy altar of Hepliaklqana.
   107 | D        | Found a stormy altar of Qazlal.
   107 | D        | Found a hide-covered altar of Uskayaw.
   107 | D        | Found a blossoming altar of Fedhas.
   107 | D        | Found a bloodstained altar of Trog.
   107 | D        | Found an iron altar of Okawaru.
   107 | D        | Found a basalt altar of Yredelemnul.
   107 | D        | Found a glowing golden altar of the Shining One.
   107 | D        | Found a snail-covered altar of Cheibriados.
   107 | D        | Found a sacrificial altar of Ru.
   107 | D        | Found a glowing silver altar of Zin.
   107 | D        | Found a shadowy altar of Dithmenos.
   107 | D        | Found a white marble altar of Elyvilon.
   107 | D        | Noticed a yak
   112 | D        | HP: 7/66 [yak (16)]
   113 | D        | Killed a yak
   113 | D        | Reached skill level 4 in Maces & Flails
   114 | D        | Found an opulent altar of Gozag.
   116 | D        | Found a sparkling altar of Nemelex Xobeh.
   128 | D        | Became a worshipper of Warmaster Okawaru
   211 | D        | Found a burning altar of Makhleb.
   211 | D        | Found a viscous altar of Jiyva.
   211 | D        | Found a shimmering altar of Xom.
   211 | D        | Found a corrupted altar of Lugonu.
   211 | D        | Noticed a slime creature
   217 | D        | HP: 2/67 [slime creature (19)]
   219 | D        | Killed a slime creature
   219 | D        | Reached skill level 6 in Fighting
   219 | D        | Reached skill level 5 in Maces & Flails
   219 | D        | Reached skill level 11 in Throwing
   219 | D        | Reached XP level 7. HP: 3/76 MP: 6/6
   264 | D        | Noticed a kobold demonologist
   265 | D        | Noticed a kobold demonologist
   269 | D        | Reached skill level 6 in Maces & Flails
   270 | D        | Noticed a chaos spawn
   270 | D        | HP: 19/76 [chaos spawn[a kobold demonologist] (14)]
   271 | D        | Killed a kobold demonologist
   271 | D        | Reached * piety under Okawaru
   271 | D        | Reached skill level 7 in Fighting
   271 | D        | Reached skill level 12 in Throwing
   271 | D        | Reached XP level 8. HP: 22/87 MP: 7/7
   277 | D        | HP: 21/87 [kobold demonologist/dagger (3)]
   278 | D        | Killed a kobold demonologist
   278 | D        | Reached skill level 7 in Maces & Flails
   396 | D        | Noticed a centaur warrior
   402 | D        | HP: 15/88 [centaur warrior/arrow (16)]
   403 | D        | Shot with an arrow by a centaur warrior

Skill      XL: |  1  2  3  4  5  6  7  8 |
---------------+-------------------------+-----
Throwing       | 6 8 9 10 11 12 | 12.9
Fighting       | 3 4 5 6 7 |  7.7
Maces & Flails | 3 5 6 7 |  7.2
Dodging        | |  1.5
Stealth        | |  0.3

Action                   |  1- 3 |  4- 6 |  7- 9 || total
-------------------------+-------+-------+-------++-------
Melee: Unarmed           |    24 |       |       ||    24
       Giant club        |       |     5 |     6 ||    11
Throw: Large rock        |     2 |    13 |    10 ||    25
  Eat: Chunk             |       |     8 |       ||     8
Armor: Robe              |     5 |       |     6 ||    11
Dodge: Dodged            |     9 |     2 |     2 ||    13

Vault maps used:
D:        dungeon_sprint_1

Table legend:
 A = Turns spent in this place as a percentage of turns spent in the entire game.
 B = Non-inter-level travel turns spent in this place as a percentage of non-inter-level travel turns spent in the entire game.
 C = Inter-level travel turns spent in this place as a percentage of turns spent in this place.
 D = Turns resting spent in this place as a percentage of non-inter-level travel turns spent in this place.
 E = Turns spent auto-exploring this place as a percentage of non-inter-level travel turns spent in this place.
 F = Non-inter-level travel turns spent in this place divided by the number of levels of this place that you've seen.
                   A       B       C       D       E      F
               +-------+-------+-------+-------+-------+----------------------
         Total | 100.0 | 100.0 |   0.0 |  39.0 |   0.0 | 403.0
       Dungeon | 100.0 | 100.0 |   0.0 |  39.0 |   0.0 | 403.0
               +-------+-------+-------+-------+-------+----------------------

Table legend:
 A = Kills in this place as a percentage of kills in entire the game.
 B = Kills by you in this place as a percentage of kills by you in the entire game.
 C = Kills by friends in this place as a percentage of kills by friends in the entire game.
 D = Other kills in this place as a percentage of other kills in the entire game.
 E = Experience gained in this place as a percentage of experience gained in the entire game.
 F = Experience gained in this place divided by the number of levels of this place that you have seen.
                   A       B       C       D       E      F
               +-------+-------+-------+-------+-------+----------------------
         Total | 100.0 | 100.0 |   N/A |   N/A | 100.0 | 1802.0
       Dungeon | 100.0 | 100.0 |   N/A |   N/A | 100.0 | 1802.0
               +-------+-------+-------+-------+-------+----------------------
